 Dungeon Crawl Stone Soup version 0.32-a0-643-ga006e7742e (webtiles) character file.

Game seed: 15443509478828977586

249 juan097 the Charlatan (level 6, -3/43 HPs)
             Began as a Coglin Artificer on Mar 7, 2024.
             Was an Initiate of Nemelex Xobeh.
             Slain by a sleepcap (18 damage)
             ... on level 4 of the Dungeon.
             The game lasted 00:08:16 (3410 turns).

juan097 the Charlatan (Coglin Artificer)            Turns: 3410, Time: 00:08:17

Health: -3/43      AC:  6    Str: 15    XL:     6   Next: 12%
Magic:  6/6        EV:  2    Int: 10    God:    Nemelex Xobeh [......]
Gold:   158        SH:  0    Dex: 14    Spells: 5/5 levels left

rFire   . . .        t - +1 dagger (speed) {Fubuki}
rCold   . . .        n - +2 dagger (holy) {Fernanda}
rNeg    . . .        p - +0 ring mail
rPois   .            (no helmet)
rElec   .            E - +0 cloak
rCorr   .            (no gloves)
SInv    .            (no boots)
Will    .....        (amulet unavailable)
Stlth   ++           (ring unavailable)
HPRegen 0.27/turn    (ring unavailable)
MPRegen 0.10/turn    (no gizmo)

%: no passive effects
@: sleeping, revved
A: off-hand wielding, slow wielding, warmup strikes, no jewellery
a: Invent Gizmo, Renounce Religion, Draw Escape, Draw Destruction, Draw
Summoning


You were on level 4 of the Dungeon.
You worshipped Nemelex Xobeh.
Nemelex Xobeh was noncommittal.
You visited 1 branch of the dungeon, and saw 4 of its levels.

You collected 158 gold pieces.

Inventory:

Hand Weapons
 a - a +0 club {Ming}
 f - a +0 dagger {Ku-aya}
 n - a +2 dagger of holy wrath (offhand) {Fernanda}
 t - a +1 dagger of speed (weapon) {Fubuki}
Missiles
 B - 5 boomerangs
Armour
 b - a +0 leather armour
 p - a +0 ring mail (worn)
 E - a +0 cloak (worn)
Wands
 c - a wand of flame (15) (quivered)
 d - a wand of charming (10)
 e - a wand of iceblast (5)
Scrolls
 h - a scroll of poison {unknown}
 k - 2 scrolls of immolation {unknown}
 l - a scroll of acquirement {unknown}
 m - 2 scrolls of brand weapon {unknown}
 o - 4 scrolls of enchant weapon {unknown}
 r - a scroll of enchant armour {unknown}
 s - a scroll of teleportation {unknown}
 u - a scroll of noise {unknown}
 v - 2 scrolls of blinking {unknown}
 w - a scroll of vulnerability {unknown}
 y - a scroll of fog {unknown}
 A - a scroll of summoning {unknown}
 F - a scroll of revelation {unknown}
 G - a scroll of torment {unknown}
Potions
 g - a potion of lignification {unknown}
 i - a potion of cancellation {unknown}
 j - 3 potions of curing {unknown}
 q - a potion of might {unknown}
 x - 3 potions of heal wounds {unknown}
 z - 2 potions of resistance {unknown}
 C - a potion of attraction {unknown}
 D - a potion of enlightenment {unknown}


   Skills:
 - Level 1.0 Fighting
 + Level 2.1 Short Blades
 - Level 1.7 Maces & Flails
 - Level 1.7 Armour
 - Level 0.8 Dodging
 + Level 3.0 Stealth
 + Level 5.9 Evocations


You had 5 spell levels left.
You didn't know any spells.
Your spell library contained the following spells:

 Spells                   Type           Power      Damage    Failure   Level
 Scorch                   Fire           0%         2d5       73%         2
 Animate Dead             Necr           0%         N/A       100%        4
 Ignite Poison            Fire/Alch      0%         N/A       100%        4
 Petrify                  Alch/Erth      0%         N/A       100%        4
 Haunt                    Necr/Summ      0%         N/A       100%        7
 Infestation              Necr           0%         N/A       100%        8


Dungeon Overview and Level Annotations

Branches:
Dungeon (4/15)
 Temple: D:4-7

Altars:
Hepliaklqana
Nemelex Xobeh
Uskayaw

Annotations:
D:3 Grinder


Innate Abilities, Weirdness & Mutations

You can wield a second weapon in your off-hand.
It takes a long time for you to wield or remove held weapons.
Your first few attacks do less damage.
You cannot equip rings or amulets.


Message History

Aiming: Charm
Press: ? - help, Shift-Dir - straight line, f - quokka
Aim: a quokka (chance to affect: 78%)
The quokka barely resists.
The quokka bites you but does no damage.
The sleepcap releases spores at you.
Aiming: Charm
Press: ? - help, Shift-Dir - straight line, f/p - quokka
Aim: a quokka (chance to affect: 78%)
The quokka barely resists.
The quokka barely misses you. The sleepcap closely misses you.
The quokka bites you.
Aiming: Charm
Press: ? - help, Shift-Dir - straight line, f/p - quokka
Aim: a quokka (chance to affect: 78%)
The quokka is charmed.
The sleepcap releases spores at you but does no damage.
You hit the sleepcap but do no damage.
The sleepcap is lightly damaged.
You hit the sleepcap but do no damage. The sleepcap releases spores at you.
Your quokka bites the sleepcap.
You hit the sleepcap with your +1 dagger of speed.
The sleepcap is moderately damaged.
You hit the sleepcap but do no damage.
Your quokka bites the sleepcap but does no damage.
You hit the sleepcap but do no damage.
The sleepcap is moderately damaged.
You hit the sleepcap but do no damage.
The sleepcap releases spores at you but does no damage.
Your quokka bites the sleepcap.
You hit the sleepcap with your +1 dagger of speed.
The sleepcap is moderately damaged.
You hit the sleepcap but do no damage. The sleepcap releases spores at you.
You are engulfed in a cloud of soporific spores!
You fall asleep.
Your quokka bites the sleepcap but does no damage.
The sleepcap releases spores at you but does no damage.
Your quokka bites the sleepcap.
The sleepcap releases spores at you!!
You die...
Your body disappears without a glow.

##. #.. #. ...
#. . # #. ###
#### ##.##.###
.. #...
........# ##.#
#... #....r.##
#..## ###)
#....f@.# #...
#.
#......#######.#
#)
#.#............#
###'
#..#.#######.#
#... #....# #.#
#... ####.#
#.###.#### ..#
#.....#..# ..#
#.###.#.)' ..!.#
#.# ####


You could see a sleepcap (ally target) and a friendly quokka (charmed).

Vanquished Creatures
  A scorpion (D:4)
  A bombardier beetle (D:3)
  A gnoll (D:4)
  2 adders
  4 dart slugs
  10 orcs (D:4)
  6 bats
  5 endoplasms
  3 giant cockroaches
  15 goblins
  14 hobgoblins
  2 jackals (D:1)
  20 kobolds
  5 quokkas
  4 ball pythons
  2 frilled lizards (D:1)
  7 rats
102 creatures vanquished.

Vanquished Creatures (collateral kills)
  An orc (D:4)
  A hobgoblin (D:4)
2 creatures vanquished.

Grand Total: 104 creatures vanquished

Notes
Turn   | Place    | Note
-------+----------+-------------------------------------------
     0 | D:1      | juan097 the Coglin Artificer began the quest for the Orb.
     0 | D:1      | Reached XP level 1. HP: 15/15 MP: 1/1
    93 | D:1      | Reached skill level 1 in Stealth
   167 | D:1      | Reached XP level 2. HP: 20/21 MP: 2/2
   466 | D:1      | Reached skill level 1 in Maces & Flails
   621 | D:1      | Reached XP level 3. HP: 24/26 MP: 3/3
  1301 | D:2      | Found a hazy altar of Hepliaklqana.
  1430 | D:2      | Reached XP level 4. HP: 32/32 MP: 4/4
  1837 | D:3      | Noticed Grinder
  1962 | D:3      | Reached skill level 5 in Evocations
  1977 | D:3      | Found a hide-covered altar of Uskayaw.
  2006 | D:3      | Got the Teachings on Volatile Grit
  2101 | D:4      | Noticed a scorpion
  2113 | D:4      | Killed a scorpion
  2114 | D:4      | Reached skill level 1 in Short Blades
  2114 | D:4      | Reached XP level 5. HP: 16/37 MP: 5/5
  2818 | D:4      | Noticed a phantom
  2932 | D:3      | Found a sparkling altar of Nemelex Xobeh.
  2940 | D:3      | Reached XP level 6. HP: 42/43 MP: 6/6
  3081 | D:3      | Identified the ring "Daadghok" {rN+ MP+9 Slay+4}
  3239 | D:3      | Became a worshipper of Nemelex Xobeh the Trickster
  3410 | D:4      | Slain by a sleepcap

Illustrated notes

Levels and vault maps discovered:
D:1:      enne_arrival_octagon_isle, layout_basic
D:2:      layout_loops_ring, basic_altar
D:3:      layout_rooms, old_standard_altar, lemuel_round_altar,
          serial_corexii_hall, corexii_hall_statues_x,
          chequers_hall_statues_wall_a, uniq_grinder
D:4:      corexii_shantytown, layout_loops_ring

Skill      XL: |  1  2  3  4  5  6 |
---------------+-------------------+-----
Stealth        | 1 2 3 |  3.0
Maces & Flails | 1 |  1.7
Evocations     | 5 |  5.9
Short Blades   | 1 2 |  2.1
Fighting       | |  1.0
Armour         | |  1.7
Dodging        | |  0.8

Action                     |  1- 3 |  4- 6 || total
---------------------------+-------+-------++-------
  Melee: Club              |   108 |     6 ||   114
         Dagger            |   111 |   314 ||   425
  Evoke: Wand              |       |     5 ||     5
   Stab: Sleeping          |     5 |     3 ||     8
 Armour: Leather armour    |    45 |       ||    45
         Ring mail         |    17 |    90 ||   107
  Dodge: Dodged            |    77 |    78 ||   155

Table legend: (Time is in decaauts)
 A = Elapsed time spent in this place.
 B = Non-inter-level travel time spent in this place.
 C = Inter-level travel time spent in this place.
 D = Time resting spent in this place.
 E = Time spent auto-exploring this place.
 F = Levels seen in this place.
 G = Mean time per level.
                   A        B        C        D        E       F      G
               +--------+--------+--------+--------+--------+-----+--------+
         Total |   3387 |   3134 |    253 |     16 |   2239 |   4 |  846.8 |
       Dungeon |   3387 |   3134 |    253 |     16 |   2239 |   4 |  846.8 |
               +--------+--------+--------+--------+--------+-----+--------+

Top non-repeatable levels by time:
     D:1: 1148 daAuts
     D:4: 907 daAuts
     D:2: 749 daAuts
     D:3: 582 daAuts
